 Dungeon Crawl Stone Soup version 0.20-a0 (webtiles) character file.

5 kroki the Chiller (level 1, 0/13 (14) HPs)
             Began as a Ghoul Ice Elementalist on Oct 27, 2016.
             Slain by a hobgoblin
             ... wielding a +0 club
              (3 damage)
             ... on level 1 of the Dungeon.
             The game lasted 00:00:52 (221 turns).

kroki the Chiller (Ghoul Ice Elementalist)           Turns: 221, Time: 00:00:53

HP:   0/13 (14)     AC:  2    Str: 11    XL:     1   Next: 80%
MP:   0/2           EV: 12    Int: 10    God:
Gold: 0             SH:  0    Dex:  9    Spells: 1 memorised, 2 levels left

rFire  . . .     SeeInvis .       - Unarmed
rCold  + . .     Gourm    .     a - +0 robe
rNeg   + + +     Faith    .     (no shield)
rPois  ∞         Spirit   .     (no helmet)
rElec  .         Reflect  .     (no cloak)
rCorr  .         Harm     .     (no gloves)
MR     .....                    (no boots)
Stlth  ++........               (no amulet)
                                (no ring)
                                (no ring)

@: very slightly contaminated, rotting
A: rotting body, claws 1, carnivore 3, cold resistance 1, negative energy
resistance 3, slow regeneration 1, torment resistance, unbreathing
a: no special abilities


You were on level 1 of the Dungeon.
You were not hungry.

You visited 1 branch of the dungeon, and saw 1 of its levels.

Inventory:

Hand Weapons
 d - a +0 mace
   (You found it on level 1 of the Dungeon)
Armour
 a - a +0 robe (worn)
Potions
 e - a potion of haste {unknown}
Books
 b - a book of Frost
Comestibles
 c - 2 meat rations {@e2}
 f - a slice of pizza
 g - a chunk of flesh {@w0}


   Skills:
 - Level 1.7 Dodging
 - Level 2.1 Stealth
 + Level 1.4 Unarmed Combat
 - Level 1.7 Spellcasting
   Level 0.7 Conjurations
 - Level 3.2 Ice Magic


You had 2 spell levels left.
You knew the following spells:

 Your Spells              Type           Power        Failure   Level  Hunger
a - Freeze                Ice            #...         10%         1    ##.....


Dungeon Overview and Level Annotations

Branches:
Dungeon (1/15)

Altars:


Innate Abilities, Weirdness & Mutations

Your body is rotting away.
You thrive on raw meat.
You are immune to poison.
You have sharp fingernails.
You are carnivorous and can eat meat at any time.
Your flesh is cold resistant. (rC+)
You are immune to negative energy. (rN+++)
You regenerate slowly when monsters are visible.
You are immune to unholy pain and torment.
You can survive without breathing.


Message History

You kill the ball python!
A hobgoblin is nearby!
You are too injured to fight recklessly!
You are too injured to fight recklessly!
e - a cyan potion Health restored: 14
f - a slice of pizza You feel your flesh rotting away.
A giant cockroach comes into view.
You take 1 damage, and have 13/13 hp.
A giant cockroach is nearby!
A giant cockroach is nearby!
A giant cockroach is nearby!
A giant cockroach is nearby!
A giant cockroach is nearby!
You scratch the giant cockroach but do no damage.
The giant cockroach closely misses you.
A giant cockroach is nearby!
You scratch the giant cockroach. The giant cockroach closely misses you.
A giant cockroach is nearby!
You closely miss the giant cockroach. The giant cockroach closely misses you.
A giant cockroach is nearby!
You barely miss the giant cockroach. The giant cockroach closely misses you.
The giant cockroach barely misses you.
A giant cockroach is nearby!
You scratch the giant cockroach but do no damage.
The giant cockroach barely misses you.
A giant cockroach is nearby!
You scratch the giant cockroach.
You kill the giant cockroach!
Your Unarmed Combat skill increases to level 1!
You butcher the giant cockroach corpse.
g - 2 chunks of flesh {@w0} Eating one of 2 chunks of flesh {@w0}.
You start eating one of the 2 chunks of flesh {@w0}.
You feel more resilient.
This raw flesh tastes great!
A hobgoblin and a kobold come into view.
The kobold shouts!
There are monsters nearby!
The kobold hits you.
There are monsters nearby!
You closely miss the kobold.
You feel your flesh rotting away. The kobold hits you.
A hobgoblin comes into view. It is wielding a club.
You take 4 damage, and have 9/13 hp.
MASSIVE DAMAGE!!
You barely miss the kobold. You closely miss the kobold.
The hobgoblin shouts!
The kobold hits you.
You take 3 damage, and have 6/13 hp.
MASSIVE DAMAGE!!
You barely miss the kobold. The kobold hits you.
* * * LOW HITPOINT WARNING * * *
You take 3 damage, and have 3/13 hp.
MASSIVE DAMAGE!! (m)acro, (M)acro raw, keymap [(k) default, (x) level-map, (t)argeting, (c)onfirm, m(e)nu], (s)ave?
Aborting.
Unknown command.
Unknown command. (m)acro, (M)acro raw, keymap [(k) default, (x) level-map, (t)argeting, (c)onfirm, m(e)nu], (s)ave?
Input macro trigger key: - Current Action: aa Do you wish to (r)edefine, (c)lear, or (a)bort?
Input macro action: za.
Created macro '-' => 'za.'. (m)acro, (M)acro raw, keymap [(k) default, (x) level-map, (t)argeting, (c)onfirm, m(e)nu], (s)ave?
Aborting.
Unknown command.
Unknown command.
Aim: a kobold You freeze the kobold.
The hobgoblin shouts!
The kobold closely misses you.
You now have 1/2 mp.
Aim: a kobold (moderately wounded)
You freeze the kobold.
You kill the kobold!
The hobgoblin hits you but does no damage.
A rat comes into view.
You now have 0/2 mp.
You don't have enough magic to cast that spell.
You scratch the hobgoblin.
You kill the hobgoblin!
You see here a club.
You barely miss the hobgoblin.
You scratch the hobgoblin but do no damage.
The hobgoblin barely misses you.
Aim: a hobgoblin, wielding a club You freeze the hobgoblin.
The hobgoblin barely misses you.
You now have 0/2 mp.
You don't have enough magic to cast that spell.
There is an open door here.
There is an open door here.
Aim: a hobgoblin, wielding a club (moderately wounded)
You miscast Freeze.
You are very lightly contaminated with residual magic.
Nothing appears to happen.
The hobgoblin hits you with a club.
You die...

#.....#..).##........ .#
#..#.###.r.##.###########.#
#.###.#....##..#.....(.#..#
#..#...#...##.#.#######.#
##..#.###..##.##.......##
#.###.#...##.#.###'###.#
#..#......##.#.#.....#.#
##.......###.#.#.....#.#
##...##.'g@.#.+..<..+.#
##########.#.#.....#.#
#.#.#.....#.# #.#.###+###.#
#.##.......# #.#.#######.
#..#.......# #.##########
#..


You could see a hobgoblin.

Vanquished Creatures
  A giant cockroach (D:1)
  A hobgoblin (D:1)
  2 ball pythons (D:1)
  A kobold (D:1)
  A rat (D:1)
6 creatures vanquished.

Notes
Turn   | Place    | Note
-------+----------+-------------------------------------------
     0 | D:1      | kroki the Ghoul Ice Elementalist began the quest for the Orb.
     0 | D:1      | Reached XP level 1. HP: 14/14 MP: 2/2
   170 | D:1      | Reached skill level 1 in Unarmed Combat
   193 | D:1      | HP: 3/13 [kobold (3)]
   221 | D:1      | Slain by a hobgoblin

Vault maps used:
D:1:      matt_arrival_los_fun, eino_curves_02, minmay_pentomino_x4

Skill      XL: |  1 |
---------------+----+-----
Unarmed Combat | 1 |  1.4
Dodging        | |  1.7
Stealth        | |  2.1
Spellcasting   | |  1.7
Conjurations   | |  0.7
Ice Magic      | |  3.2

Action                   || total
-------------------------++-------
Melee: Unarmed           ||    18
 Cast: Freeze            ||     3
  Eat: Chunk             ||     1
Armor: Robe              ||     3
Dodge: Dodged            ||    11

Vault maps used:
D:1:      matt_arrival_los_fun, eino_curves_02, minmay_pentomino_x4

Table legend:
 A = Turns spent in this place as a percentage of turns spent in the entire game.
 B = Non-inter-level travel turns spent in this place as a percentage of non-inter-level travel turns spent in the entire game.
 C = Inter-level travel turns spent in this place as a percentage of turns spent in this place.
 D = Turns resting spent in this place as a percentage of non-inter-level travel turns spent in this place.
 E = Turns spent auto-exploring this place as a percentage of non-inter-level travel turns spent in this place.
 F = Non-inter-level travel turns spent in this place divided by the number of levels of this place that you've seen.
                   A       B       C       D       E      F
               +-------+-------+-------+-------+-------+----------------------
         Total | 100.0 | 100.0 |   0.0 |   0.0 |   6.6 | 106.0
       Dungeon | 100.0 | 100.0 |   0.0 |   0.0 |   6.6 | 106.0
               +-------+-------+-------+-------+-------+----------------------

Table legend:
 A = Kills in this place as a percentage of kills in entire the game.
 B = Kills by you in this place as a percentage of kills by you in the entire game.
 C = Kills by friends in this place as a percentage of kills by friends in the entire game.
 D = Other kills in this place as a percentage of other kills in the entire game.
 E = Experience gained in this place as a percentage of experience gained in the entire game.
 F = Experience gained in this place divided by the number of levels of this place that you have seen.
                   A       B       C       D       E      F
               +-------+-------+-------+-------+-------+----------------------
         Total | 100.0 | 100.0 |  -nan |  -nan | 100.0 |   8.0
       Dungeon | 100.0 | 100.0 |  -nan |  -nan | 100.0 |   8.0
               +-------+-------+-------+-------+-------+----------------------
